 Dungeon Crawl Stone Soup version 0.27-a0-385-g3208abaabc (webtiles) character file.

Game seed: 8186451381947555632

39 dickylongcocking the Firebug (level 3, 0/29 HPs)
             Began as a Draconian Fire Elementalist on Feb 20, 2021.
             Was an Initiate of Makhleb.
             Killed from afar by an orc wizard (9 damage)
             ... with a magic dart
             ... on level 3 of the Dungeon.
             The game lasted 00:01:34 (1935 turns).

dickylongcocking the Firebug (DrFE)                 Turns: 1935, Time: 00:01:35

Health: 0/29       AC:  5    Str:  8 (10) XL:     3   Next: 28%
Magic:  0/6        EV: 16    Int: 13 (16) God:    Makhleb [......]
Gold:   96         SH:  0    Dex: 10 (11) Spells: 2/6 levels left

rFire    . . .     SeeInvis .   d - +3 whip
rCold    . . .     Faith    .   (no shield)
rNeg     . . .     Spirit   .   (armour unavailable)
rPois    .         Reflect  .   (helmet restricted)
rElec    .         Harm     .   (no cloak)
rCorr    .         Rampage  .   (no gloves)
Will     .....                  (no boots)
Stlth    ++........             (no amulet)
HPRegen  0.09/turn              a - +4 ring of evasion
MPRegen  0.10/turn              (no ring)

@: no status effects
A: unfitting armour, cold-blooded, AC +5
a: Renounce Religion


You were on level 3 of the Dungeon.
You worshipped Makhleb.
Makhleb was noncommittal.
You visited 1 branch of the dungeon, and saw 3 of its levels.

You collected 96 gold pieces.

Inventory:

Hand Weapons
 d - a +3 whip (weapon)
Armour
 b - a +0 buckler
Jewellery
 a - a +4 ring of evasion (left hand)
Scrolls
 g - a scroll of identify {unknown}
 h - a scroll of amnesia {unknown}
 i - a scroll of fog {unknown}
 j - a scroll of teleportation {unknown}
 l - 2 scrolls of blinking {unknown}
Potions
 c - a potion of curing
 e - 2 potions of ambrosia {unknown}
 f - a potion of degeneration
 k - a potion of mutation {unknown}
 m - a potion of berserk rage {unknown}
 n - a potion of brilliance {unknown}


   Skills:
 * Level 1.7 Fighting
 - Level 1.8 Dodging
 - Level 1.7 Stealth
 - Level 2.0 Spellcasting
 * Level 2.0 Conjurations
 + Level 3.4 Fire Magic


You had 2 spell levels left.
You knew the following spells:

 Your Spells              Type           Power        Failure   Level
a - Foxfire               Conj/Fire      32%          9%          1
b - Inner Flame           Hex/Fire       5%           36%         3

Your spell library contained the following spells:

 Spells                   Type           Power        Failure   Level
 Conjure Flame            Conj/Fire      8%           26%         3
 Sticky Flame             Conj/Fire      8%           63%         4
 Fireball                 Conj/Fire      4%           93%         5


Dungeon Overview and Level Annotations

Branches:
Dungeon (3/15)

Altars:
Makhleb


Innate Abilities, Weirdness & Mutations

Your plain brown scales are hard. (AC +5)
You cannot fit into any form of body armour.
You are cold-blooded and may be slowed by cold attacks.


Message History

Confirm with . or Enter, or press ? or * to list all spells.
You conjure some foxfire!
The bat closely misses you. The orc hits you but does no damage.
Something hits you but does no damage.
Unknown command.
Unknown command.
You hit the orc but do no damage.
The foxfire hits something.
The foxfire hits something but does no damage.
The bat closely misses you. The orc hits you with a +0 club.
Something hits you.
Unknown command.
Casting: Foxfire (safe; 9% risk of failure)
Confirm with . or Enter, or press ? or * to list all spells.
You don't have enough magic to cast this spell.
Unknown command.
You hit the orc but do no damage. The bat misses you.
The orc barely misses you. Something hits you.
Unknown command.
You hit the orc.
The orc is heavily wounded.
The bat misses you. The orc closely misses you. Something barely misses you.
Unknown command.
You closely miss the orc.
The orc is heavily wounded.
The bat barely misses you. The orc hits you but does no damage.
The bat misses you. Something hits you but does no damage.
Unknown command.
You hit the orc.
You tail-slap the orc, but do no damage.
The orc is severely wounded.
The bat barely misses you. The orc hits you but does no damage.
You hear some strange, mumbled words.
A puff of flame appears from out of thin air!
The puff of flame hits you but does no damage.
Casting: Foxfire (safe; 9% risk of failure)
Confirm with . or Enter, or press ? or * to list all spells.
You conjure some foxfire!
The orc completely misses you.
You hear some strange, mumbled words.
A magic dart appears from out of thin air!
The magic dart hits you!
You die...

###############
#..............
#.#############
##########.# #....#
..#......#.########.##.#
........^...............
#.#.#.##v#####.##.#)####
#.#.#..@v# #.......)).
#.#..÷o{## ###..######
#...(..b# #.....(..
#.....#.# #...#####
##..÷..#.### #...#
..............# #...#
.....####.#..#######...#
.... #.#............#
... #.#<..#######..#


You could see an orc (ally target) and a bat.

Vanquished Creatures
  2 dart slugs (D:1)
  2 leopard geckos
  5 orcs (D:3)
  A bat (D:1)
  A goblin (D:1)
  3 hobgoblins
  2 jackals (D:2)
  4 frilled lizards
  3 kobolds
  5 rats
28 creatures vanquished.

Vanquished Creatures (others)
  24 foxfires
24 creatures vanquished.

Grand Total: 52 creatures vanquished

Notes
Turn   | Place    | Note
-------+----------+-------------------------------------------
     0 | D:1      | dickylongcocking the Draconian Fire Elementalist began the
                  | quest for the Orb.
     0 | D:1      | Reached XP level 1. HP: 14/14 MP: 3/3
   163 | D:2      | Found a burning altar of Makhleb.
   172 | D:2      | Became a worshipper of Makhleb the Destroyer
   699 | D:1      | Reached XP level 2. HP: 17/22 MP: 1/5
   711 | D:1      | Reached skill level 1 in Fighting
  1703 | D:3      | Reached XP level 3. HP: 28/28 MP: 6/6
  1912 | D:2      | Learned a level 3 spell: Inner Flame
  1935 | D:3      | Killed from afar by an orc wizard

Illustrated notes

Levels and vault maps discovered:
D:1:      dpeg_arrival_renting, layout_basic
D:2:      layout_basic, bloody_makhleb
D:3:      layout_basic, lemuel_round_altar, gammafunk_temple_overflow_pools,
          uniq_sigmund

Skill      XL: |  1  2  3 |
---------------+----------+-----
Fighting       | 1 |  1.7
Conjurations   | 2 |  2.0
Dodging        | |  1.8
Stealth        | |  1.7
Spellcasting   | |  2.0
Fire Magic     | |  3.4

Action                   || total
-------------------------++-------
Melee: Whip              ||    70
       Unarmed           ||     9
       Tailslap          ||     7
 Cast: Foxfire           ||    18
  Use: Potion            ||     2
 Stab: Sleeping          ||     4
Armor: Skin              ||    46
Dodge: Dodged            ||    90

Table legend: (Time is in decaauts)
 A = Elapsed time spent in this place.
 B = Non-inter-level travel time spent in this place.
 C = Inter-level travel time spent in this place.
 D = Time resting spent in this place.
 E = Time spent auto-exploring this place.
 F = Levels seen in this place.
 G = Mean time per level.
                   A        B        C        D        E       F      G
               +--------+--------+--------+--------+--------+-----+--------+
         Total |   1942 |   1794 |    148 |    145 |   1373 |   3 |  647.3 |
       Dungeon |   1942 |   1794 |    148 |    145 |   1373 |   3 |  647.3 |
               +--------+--------+--------+--------+--------+-----+--------+

Top non-repeatable levels by time:
     D:1: 924 daAuts
     D:2: 800 daAuts
     D:3: 218 daAuts
